 Dungeon Crawl Stone Soup version 0.28.0-53-g5a82cb258f (webtiles) character file.

Game seed: 10498692908542830521

171 Zeld the Magician (level 5, -2/28 HPs)
             Began as a Deep Elf Conjurer on June 3, 2022.
             Shot with an arrow by a centaur (7 damage)
             ... on level 3 of the Dungeon.
             The game lasted 00:02:57 (2682 turns).

Zeld the Magician (Deep Elf Conjurer)               Turns: 2682, Time: 00:02:57

Health: -2/28      AC:  3    Str:  4    XL:     5   Next: 26%
Magic:  14/14      EV: 12    Int: 31    God:
Gold:   71         SH:  0    Dex: 13    Spells: 3/14 levels left

rFire   . . .      SeeInvis .   (no weapon)
rCold   . . .      Faith    .   (no shield)
rNeg    . . .      Spirit   .   a - +0 robe
rPois   .          Reflect  .   g - +0 helmet
rElec   .          Harm     .   (no cloak)
rCorr   .          Rampage  .   (no gloves)
Will    .....                   (no boots)
Stlth   ++........              (no amulet)
HPRegen 0.09/turn               b - +6 ring of intelligence
MPRegen 0.14/turn               (no ring)

@: no status effects
A: no striking features
a: no special abilities


You were on level 3 of the Dungeon.
You visited 1 branch of the dungeon, and saw 4 of its levels.

You collected 71 gold pieces.

Inventory:

Armour
 a - a +0 robe (worn)
 g - a +0 helmet (worn)
Jewellery
 b - a +6 ring of intelligence (left hand)
Wands
 i - a wand of flame (8)
Scrolls
 c - 2 scrolls of identify {unknown}
 d - a scroll of blinking {unknown}
 e - a scroll of enchant armour {unknown}
 h - a scroll of teleportation {unknown}
 j - a scroll of magic mapping {unknown}
Potions
 f - a potion of resistance {unknown}
 k - a potion of heal wounds {unknown}


   Skills:
 * Level 2.8 Dodging
 - Level 2.4 Stealth
 * Level 5.4 Spellcasting
 + Level 5.0 Conjurations
 - Level 2.0 Hexes
 - Level 2.0 Translocations
 + Level 0.4 Evocations


You had 3 spell levels left.
You knew the following spells:

 Your Spells              Type           Power      Damage    Failure   Level
a - Magic Dart            Conj           100%       1d8       1%          1
b - Searing Ray           Conj           78%        2d7       1%          2
c - Fulminant Prism       Conj/Hex       15%        3d11      12%         4
d - Iskenderun's Mystic   Conj/Tloc      30%        2d8       12%         4

Your spell library contained the following spells:

 Spells                   Type           Power      Damage    Failure   Level
 Dazzling Flash           Conj/Hex       60%        N/A       3%          3
 Corpse Rot               Necr/Air       16%        N/A       8%          2
 Dispel Undead            Necr           8%         3d8       45%         4
 Death Channel            Necr           4%         N/A       100%        6


Dungeon Overview and Level Annotations

Branches:
Dungeon (4/15)
 Temple: D:4-7

Altars:


Message History

Aim: a centaur skeleton (moderately damaged, 100% to hit)
The magic dart hits the centaur skeleton.
The centaur skeleton is heavily damaged.
Unknown command.
Casting: Magic Dart (safe; 1% risk of failure)
Confirm with . or Enter, or press ? or * to list all spells.
Aiming: Magic Dart (safe; 1% risk of failure)
Press: ? - help, Shift-Dir - straight line, f/p - centaur skeleton
Aim: a centaur skeleton (heavily damaged, 100% to hit)
The magic dart hits the centaur skeleton!
The centaur skeleton is severely damaged.
The centaur skeleton hits you. The centaur skeleton misses you.
Unknown command.
Casting: Magic Dart (safe; 1% risk of failure)
Confirm with . or Enter, or press ? or * to list all spells.
Aiming: Searing Ray (safe; 1% risk of failure)
Press: ? - help, Shift-Dir - straight line, f/p - centaur skeleton
Aim: a centaur skeleton (severely damaged, 100% to hit)
The searing ray hits the centaur skeleton!
You destroy the centaur skeleton! (Press . to maintain the ray.) Unknown command.
You start resting.
Magic restored.
You start resting.
You start resting.
HP restored.
You start waiting.
Done waiting.
You climb upwards.
The centaur shoots an arrow.
The arrow hits you! The ball python closely misses you.
The ball python barely misses you.
The centaur shoots an arrow.
The arrow hits you!
Ouch! That really hurt!
* * * LOW HITPOINT WARNING * * *
The ball python bites you but does no damage.
The ball python grabs you. The ball python constricts you.
There is a stone staircase leading down here.
You escape the ball python's grasp.
The centaur shoots an arrow.
The arrow hits you!
You die...

#.##.#
##.#.#.........# #.#.#
#.##.#
#.......#.#.######.#.#
#.##.#
###..................#
#.##..
..#..###.#######.###
####..##...######.#
######..............#
#.......##...########
#.#####.###.##
##@###.# #.####..S##.#
#...?.....#.#
#..c........#
#..........###
.........[.##
.........###
###.....## .....##


You could see a centaur and a ball python.

Vanquished Creatures
  A centaur skeleton (D:4)
  Robin (D:2)
  3 gnolls (D:2)
  2 adders
  An ufetubus (D:4)
  A worm (D:3)
  2 dart slugs
  6 orcs (D:3)
  8 ball pythons
  5 endoplasms
  4 giant cockroaches
  7 goblins
  3 hobgoblins (D:2)
  2 quokkas (D:2)
  6 bats
  9 frilled lizards (D:1)
  3 kobolds (D:2)
  3 rats (D:3)
67 creatures vanquished.

Notes
Turn   | Place    | Note
-------+----------+-------------------------------------------
     0 | D:1      | Zeld the Deep Elf Conjurer began the quest for the Orb.
     0 | D:1      | Reached XP level 1. HP: 10/10 MP: 6/6
   189 | D:1      | Reached skill level 1 in Translocations
   189 | D:1      | Reached XP level 2. HP: 15/15 MP: 0/8
   192 | D:1      | Reached skill level 1 in Hexes
   267 | D:1      | Learned a level 2 spell: Searing Ray
   321 | D:1      | Found a faded altar of an unknown god.
   872 | D:2      | Noticed Robin
   877 | D:2      | Killed Robin
   878 | D:2      | Reached XP level 3. HP: 13/19 MP: 3/10
  1079 | D:2      | Reached XP level 4. HP: 24/24 MP: 2/12
  1085 | D:2      | Learned a level 4 spell: Fulminant Prism
  1090 | D:2      | Learned a level 4 spell: Iskenderun's Mystic Blast
  2162 | D:3      | Reached skill level 5 in Spellcasting
  2181 | D:3      | Reached skill level 5 in Conjurations
  2321 | D:3      | Noticed a centaur
  2376 | D:4      | Reached XP level 5. HP: 11/28 MP: 11/14
  2682 | D:3      | Shot with an arrow by a centaur

Illustrated notes

Levels and vault maps discovered:
D:1:      lightli_iron_boxes, layout_basic,
          shapermc_ecumenical_altar_notcrosses, minivault_25,
          minmay_misc_feat_diagonals, minmay_lizard_pond
D:2:      layout_rooms, minmay_misc_feat_encased, minmay_unequal, uniq_robin
D:3:      layout_loops_ring, biasface_ghost_orc_armoury
D:4:      layout_gridville, corexii_shack, wad_floor_pattern_untrapped,
          kennysheep_generic_room_5

Skill      XL: |  1  2  3  4 |
---------------+-------------+-----
Translocations | 1 2 |  2.0
Hexes          | 1 2 |  2.0
Spellcasting   | 4 5 |  5.4
Conjurations   | 5 |  5.0
Dodging        | |  2.8
Stealth        | |  2.4
Evocations     | |  0.4

Action                   |  1- 3 |  4- 6 || total
-------------------------+-------+-------++-------
Melee: Unarmed           |    21 |     4 ||    25
       Punch             |     1 |       ||     1
 Cast: Magic Dart        |    32 |    21 ||    53
       Searing Ray       |     5 |    22 ||    27
Armor: Robe              |     5 |    10 ||    15
Dodge: Dodged            |    22 |    24 ||    46
